 Dungeon Crawl Stone Soup version 0.21.1-1-g345015f (webtiles) character file.

48 Shinh the Grave Robber (level 3, -2/28 (29) HPs)
             Began as a Ghoul Necromancer on Mar 30, 2018.
             Slain by Natasha (9 damage)
             ... on level 2 of the Dungeon.
             The game lasted 00:32:05 (1317 turns).

Shinh the Grave Robber (Ghoul Necromancer)          Turns: 1317, Time: 00:32:06

HP:   -2/28 (29)    AC:  7    Str: 11    XL:     3   Next: 72%
MP:   0/5           EV: 12    Int: 11    God:
Gold: 25            SH:  0    Dex:  9    Spells: 4/6 levels left

rFire    . . .     SeeInvis .   m - +0 short sword
rCold    + . .     Gourm    .   (no shield)
rNeg     + + +     Faith    .   e - +0 robe
rPois    ∞         Spirit   .   (no helmet)
rElec    .         Reflect  .   (no cloak)
rCorr    .         Harm     .   h - +0 pair of gloves
MR       .....                  g - +0 pair of boots
Stlth    ++........             (no amulet)
HPRegen  0.00/turn              d - +3 ring of protection
MPRegen  0.09/turn              (no ring)

@: rotting, slowed, very slow
A: rotting body, claws 1, carnivore, cold resistance 1, negative energy
resistance 3, inhibited regeneration, torment resistance, unbreathing
a: no special abilities


You were on level 2 of the Dungeon.
You were very hungry.

You visited 1 branch of the dungeon, and saw 2 of its levels.

You collected 25 gold pieces.

Inventory:

Hand Weapons
 f - a +0 whip
 j - a +0 dagger
 m - a +0 short sword (weapon)
Missiles
 i - 7 stones (quivered)
 n - 21 arrows
 s - a throwing net
Armour
 a - a +0 robe
 e - a +0 robe (worn)
 g - a +0 pair of boots (worn)
 h - a +0 pair of gloves (worn)
 p - a cursed +0 chain mail
 q - a +0 ring mail
 t - a +0 robe
Jewellery
 d - a +3 ring of protection (left hand)
Scrolls
 l - a scroll of teleportation {unknown}
Potions
 k - 2 potions of agility {unknown}
 r - a potion of magic {unknown}
Books
 b - a book of Necromancy

   Spells                             Type                      Level
   a - Pain                           Necromancy                   1
   b - Animate Skeleton               Necromancy                   1
   c - Vampiric Draining              Necromancy                   3
   d - Regeneration                   Charms/Necromancy            3
   e - Animate Dead                   Necromancy                   4
   f - Borgnjor's Vile Clutch         Necromancy/Earth             5
Comestibles
 c - 6 rations


   Skills:
 + Level 1.8 Fighting
 - Level 1.7 Dodging
 - Level 2.1 Stealth
 + Level 2.3 Spellcasting
 + Level 4.5 Necromancy


You had 4 spell levels left.
You knew the following spells:

 Your Spells              Type           Power        Failure   Level  Hunger
a - Pain                  Necr           ##..         4%          1    ##.....
z - Animate Skeleton      Necr           N/A          4%          1    ##.....


Dungeon Overview and Level Annotations

Branches:
Dungeon (2/15)

Altars:

Annotations:
D:2 Jessica, Natasha


Innate Abilities, Weirdness & Mutations

Your body is rotting away.
You thrive on raw meat.
You are immune to poison.
You have sharp fingernails.
You are carnivorous and can eat meat at any time.
Your flesh is cold resistant. (rC+)
You are immune to negative energy. (rN+++)
You do not regenerate when monsters are visible.
You are immune to unholy pain and torment.
You can survive without breathing.


Message History

Natasha struggles to resist.
Natasha hisses.
Natasha casts a spell at you.
You feel yourself slow down.
Casting: Pain
Confirm with . or Enter, or press ? or * to list all spells.
Aiming: Pain
Press: ? - help, Shift-Dir - straight line, f/p - Natasha
Aim: Natasha (moderately wounded, chance to defeat MR: 66%) Natasha writhes in agony!
The shadow imp disappears in a puff of smoke!
Casting: Pain
Confirm with . or Enter, or press ? or * to list all spells.
Aiming: Pain
Press: ? - help, Shift-Dir - straight line, f/p - Natasha
Aim: Natasha (severely wounded, chance to defeat MR: 66%) Natasha writhes in agony!
You are feeling very hungry.
Natasha claws you!
You die...

# . #. ##### ####.#
####....
......##########....###
#.....w........w.# #
#####.##.###########.###
......##.##### ##....
.......@h..§.# ##.....
####..##[###.# #......
#. #.###.## #...... #
#......# #.#....
###.#..# #.#.#.#
...#..####.#....
#####.......#.#.#
#..###....... #..#
#.####.#


You could see Natasha.

Vanquished Creatures
  2 adders (D:2)
  A gnoll (D:1)
  A dart slug (D:1)
  A leopard gecko (D:1)
  3 bats (D:1)
  A giant cockroach (D:2)
  2 goblins
  A hobgoblin (D:2)
  2 frilled lizards (D:1)
  2 kobolds
  A quokka skeleton (D:2)
  3 rats
20 creatures vanquished.

Notes
Turn   | Place    | Note
-------+----------+-------------------------------------------
     0 | D:1      | Shinh the Ghoul Necromancer began the quest for the Orb.
     0 | D:1      | Reached XP level 1. HP: 14/14 MP: 2/2
   120 | D:1      | Reached XP level 2. HP: 22/22 MP: 0/4
   128 | D:1      | Learned a level 1 spell: Animate Skeleton
   180 | D:1      | Reached skill level 1 in Fighting
   706 | D:1      | You fall through a shaft!
   706 | D:2      | Noticed Jessica
   713 | D:2      | Found a faded altar of an unknown god.
   722 | D:2      | Reached XP level 3. HP: 28/28 MP: 0/5
  1268 | D:2      | Noticed Natasha
  1317 | D:2      | Slain by Natasha

Skill      XL: |  1  2 |
---------------+-------+-----
Spellcasting   | 2 |  2.3
Fighting       | 1 |  1.8
Dodging        | |  1.7
Stealth        | |  2.1
Necromancy     | |  4.5

Action                   || total
-------------------------++-------
Melee: Dagger            ||     3
       Unarmed           ||     2
       Short sword       ||     3
 Cast: Pain              ||    63
       Animate Skeleton  ||     5
  Use: Scroll            ||     2
  Eat: Chunk             ||     2
Armor: Robe              ||    10
Dodge: Dodged            ||    19
